Warning! The script has encountered some errors when parsing the replay. Please report them to the . » details
0x00, prev: 0x16: 16 02 01 00 4F CC 00 00 65 49 01 00 [00] 00 00 00 00 00 00 00 00 00 00 00 00 00 00 00 00 00 00 00 00 00 00 00 01 00
0x00, prev: 0x00: 16 02 01 00 4F CC 00 00 65 49 01 00 00 00 00 00 00 00 00 00 00 00 00 00 00 00 00 00 00 00 00 00 00 00 [00] 00 01 00
0x00, prev: 0x01: 16 02 01 00 4F CC 00 00 65 49 01 00 00 00 00 00 00 00 00 00 00 00 00 00 00 00 00 00 00 00 00 00 00 00 00 00 01 [00]
0x0E, prev: 0x00: 16 02 05 00 77 8A 00 00 22 B8 11 00 E7 BC 00 00 6A 16 11 00 08 C5 00 00 43 16 11 00 CA C9 00 00 2B 7A 12 00 82 E4 00 00 50 7A 12 00 00 00 00 00 00 00 00 00 00 00 00 00 00 00 00 00 00 00 00 00 00 00 00 00 [0E] 00
0x00, prev: 0x05: 16 02 04 00 19 B9 00 00 C7 CC 17 00 F6 C5 00 00 42 F5 17 00 51 D5 00 00 69 F5 17 00 40 DF 00 00 F4 F4 17 00 00 00 00 00 00 00 00 00 00 00 00 00 00 00 00 00 00 00 00 00 00 00 00 00 05 [00]
0x15, prev: 0x00: 16 02 04 00 19 B9 00 00 C7 CC 17 00 F6 C5 00 00 42 F5 17 00 51 D5 00 00 69 F5 17 00 40 DF 00 00 F4 F4 17 00 00 00 00 00 00 00 00 00 00 00 00 00 00 00 00 00 00 00 00 00 00 00 00 00 [15] 00 02 1F 00 12 08 00 03 00 0D 00 FF FF FF FF FF FF FF FF 92 FA 2E 46 F3 6D 4B C4 FF FF FF FF FF FF FF FF
0x00, prev: 0x04: 16 02 01 00 65 B6 00 00 D5 2A 01 00 00 00 00 00 00 00 00 00 00 00 00 00 00 00 00 00 00 00 00 00 00 00 00 00 04 [00]
0x00, prev: 0x02: 16 02 01 00 F1 DC 00 00 67 E9 04 00 00 00 00 00 00 00 00 00 00 00 00 00 00 00 00 00 00 00 00 00 00 00 00 00 02 [00]
General information
- name: BNet
- type: Ladder team game (AT/RT)
- host: Battle.net
- saver: brucewillisusa
map: FullScaleAssault
- players: 8
- length: 55:04
- speed: Fast
- version: 1.23 W3XP
- replay type: Public
» download(361 KB)
Players
team 1 (winner)
brucewillisusa (
red | 1184 APM | 2762 actions | 02:19)
2 Archmage
2 Blizzard
» actions
| Assign group hotkey | 50 | |
| Basic commands | 84 | |
| Build / train | 174 | |
| ESC pressed | 9 | |
| Enter build submenu | 79 | |
| Enter hero's abilities submenu | 5 | |
| Give item / drop item | 4 | |
| Right click | 1003 | |
| Select / deselect | 461 | |
| Select group hotkey | 367 | |
| Use ability | 526 | |
2762 total
» units
| Peasant | 51 | |
| Goblin Shredder | 6 | |
| Blue Dragon Whelp | 2 | |
| Dragonhawk Rider | 2 | |
61 total
» upgrades
| Masonry | 2 | |
| Lumber Harvesting | 2 | |
| Cloud | 1 | |
5 total
» buildings
| Altar of Kings | 2 | |
| Farm | 12 | |
| Lumber Mill | 2 | |
| Town Hall | 4 | |
| Scout Tower | 372 | |
| Guard Tower | 75 | |
| Arcane Tower | 11 | |
| Keep | 3 | |
| Castle | 2 | |
| Gryphon Aviary | 4 | |
| Arcane Vault | 1 | |
488 total
» build order
00:24 Altar of Kings
00:34 Farm
00:51 Lumber Mill
01:18 Farm
01:34 Guard Tower
02:19 Arcane Vault
» items
| Boots of Speed | 1 | |
| Staff of Teleportation | 1 | |
| Potion of Invisibility | 3 | |
| Potion of Lesser Invulnerability | 3 | |
| Scroll of Town Portal | 2 | |
10 total
bliss_one (
blue | 328 APM | 765 actions | 02:19)
1 Dreadlord
1 Vampiric Aura
» actions
| Basic commands | 19 | |
| Build / train | 70 | |
| Enter build submenu | 21 | |
| Enter hero's abilities submenu | 4 | |
| Remove unit from queue | 2 | |
| Right click | 349 | |
| Select / deselect | 280 | |
| Use ability | 20 | |
765 total
» units
| Acolyte | 3 | |
| Ghoul | 18 | |
| Abomination | 23 | |
| Meatwagon | 10 | |
54 total
» upgrades
| Unholy Armor | 3 | |
| Unholy Strength | 2 | |
| Disease Cloud | 1 | |
6 total
» buildings
| Crypt | 2 | |
| Ziggurat | 9 | |
| Altar of Darkness | 1 | |
| Nerubian Tower | 1 | |
| Graveyard | 1 | |
| Halls of the Dead | 1 | |
| Black Citadel | 1 | |
| Sacrificial Pit | 1 | |
| Slaughterhouse | 3 | |
20 total
» build order
00:08 Crypt
00:10 Ziggurat
00:17 Crypt
00:30 Altar of Darkness
01:08 Nerubian Tower
01:34 Ziggurat
H-Cliff_SloCUMb (
yellow | 529 APM | 1234 actions | 02:19)
1 Warden
1 Blink
» actions
| Assign group hotkey | 24 | |
| Basic commands | 21 | |
| Build / train | 70 | |
| Enter build submenu | 23 | |
| Enter hero's abilities submenu | 6 | |
| Give item / drop item | 3 | |
| Right click | 359 | |
| Select / deselect | 297 | |
| Select group hotkey | 351 | |
| Use ability | 80 | |
1234 total
» units
| Wisp | 19 | |
| Archer | 5 | |
| Huntress | 2 | |
| Giant Sea Turtle | 1 | |
| Faerie Dragon | 7 | |
| Druid of the Talon | 5 | |
| Blue Drake | 1 | |
| Hippogryph | 5 | |
45 total
» upgrades
| Strength of the Wild | 2 | |
| Improved Bows | 1 | |
| Druid of the Talon Training | 1 | |
| Nature's Blessing | 1 | |
| Mark of the Talon | 1 | |
| Reinforced Hides | 2 | |
| Well Spring | 1 | |
| Ultravision | 1 | |
10 total
» buildings
| Altar of Elders | 1 | |
| Moon Well | 11 | |
| Ancient of War | 2 | |
| Hunter's Hall | 1 | |
| Ancient of Wonders | 2 | |
| Tree of Ages | 1 | |
| Tree of Eternity | 1 | |
| Ancient of Wind | 3 | |
| Tree of Life | 2 | |
24 total
» build order
00:28 Altar of Elders
00:47 Moon Well
01:34 Tree of Life
» items
| Circlet of Nobility | 1 | |
| Scroll of Town Portal | 2 | |
| Orb of Venom | 1 | |
| Staff of Teleportation | 1 | |
5 total

»
poop_master (
orange | 637 APM | 1006 actions | 01:34)
1 Demon Hunter
1 Immolation
» actions
| Assign group hotkey | 16 | |
| Basic commands | 8 | |
| Build / train | 65 | |
| Enter build submenu | 19 | |
| Enter hero's abilities submenu | 4 | |
| Remove unit from queue | 1 | |
| Right click | 529 | |
| Select / deselect | 263 | |
| Select group hotkey | 68 | |
| Use ability | 33 | |
1006 total
» units
| Wisp | 13 | |
| Archer | 3 | |
| Huntress | 5 | |
| Hippogryph | 24 | |
| Chimaera | 11 | |
56 total
» upgrades
» buildings
| Moon Well | 9 | |
| Altar of Elders | 1 | |
| Ancient of War | 1 | |
| Hunter's Hall | 1 | |
| Tree of Ages | 1 | |
| Ancient of Wind | 2 | |
| Tree of Eternity | 1 | |
| Chimaera Roost | 2 | |
| Tree of Life | 2 | |
20 total
» build order
00:13 Moon Well
00:17 Altar of Elders
00:52 Ancient of War
01:34 Tree of Life
team 2 (loser)

»
OrientalSexy (
purple | 2136 APM | 4982 actions | 02:19)
1 Priestess of the Moon
1 Scout
1 Keeper of the Grove
1 Entangling Roots
1 Goblin Tinker
1 Cluster Rockets
» actions
| Assign group hotkey | 30 | |
| Basic commands | 426 | |
| Build / train | 81 | |
| Enter build submenu | 29 | |
| Enter hero's abilities submenu | 16 | |
| Give item / drop item | 2 | |
| Remove unit from queue | 2 | |
| Right click | 1624 | |
| Select / deselect | 833 | |
| Select group hotkey | 1856 | |
| Use ability | 83 | |
4982 total
» units
| Wisp | 17 | |
| Chimaera | 10 | |
| Hippogryph | 8 | |
| Goblin Zeppelin | 1 | |
36 total
» upgrades
| Strength of the Wild | 2 | |
| Well Spring | 1 | |
| Corrosive Breath | 1 | |
| Reinforced Hides | 2 | |
| Hippogryph Taming | 1 | |
| Strength of the Moon | 2 | |
| Moon Armor | 2 | |
| Ultravision | 1 | |
| Druid of the Talon Training | 1 | |
13 total
» buildings
| Altar of Elders | 1 | |
| Moon Well | 8 | |
| Ancient of Wonders | 1 | |
| Tree of Ages | 1 | |
| Hunter's Hall | 1 | |
| Ancient of Wind | 3 | |
| Tree of Eternity | 1 | |
| Chimaera Roost | 3 | |
| Tree of Life | 3 | |
| Ancient of War | 4 | |
26 total
» build order
00:46 Altar of Elders
01:08 Moon Well
01:19 Moon Well
01:34 Tree of Life
02:19 Ancient of War
» items
| Rod of Necromancy | 2 | |
| Staff of Preservation | 2 | |
| Potion of Healing | 1 | |
| Orb of Venom | 1 | |
| Anti-magic Potion | 1 | |
7 total

»
hippochop (
green | 1255 APM | 2927 actions | 02:19)
2 Death Knight
2 Death Coil
2 Lich
1 Frost Nova
1 Frost Armor
1 Dark Ranger
1 Black Arrow
» actions
| Assign group hotkey | 69 | |
| Basic commands | 110 | |
| Build / train | 81 | |
| ESC pressed | 5 | |
| Enter build submenu | 30 | |
| Enter hero's abilities submenu | 18 | |
| Give item / drop item | 9 | |
| Remove unit from queue | 1 | |
| Right click | 1840 | |
| Select / deselect | 410 | |
| Select group hotkey | 197 | |
| Use ability | 156 | |
2927 total
» units
| Acolyte | 9 | |
| Ghoul | 4 | |
| Crypt Fiend | 2 | |
| Frost Wyrm | 12 | |
| Gargoyle | 3 | |
| Blue Dragon | 2 | |
| Goblin Zeppelin | 1 | |
33 total
» upgrades
| Creature Attack | 2 | |
| Creature Carapace | 2 | |
| Freezing Breath | 1 | |
5 total
» buildings
| Ziggurat | 18 | |
| Crypt | 1 | |
| Altar of Darkness | 1 | |
| Graveyard | 1 | |
| Halls of the Dead | 2 | |
| Tomb of Relics | 2 | |
| Black Citadel | 1 | |
| Sacrificial Pit | 1 | |
| Boneyard | 2 | |
| Spirit Tower | 4 | |
| Nerubian Tower | 3 | |
| Necropolis | 1 | |
37 total
» build order
00:11 Ziggurat
00:14 Crypt
00:59 Altar of Darkness
01:12 Graveyard
01:34 Spirit Tower
02:19 Ziggurat
» items
| Orb of Corruption | 4 | |
| Rod of Necromancy | 1 | |
| Scroll of Town Portal | 1 | |
| Orb of Venom | 1 | |
| Circlet of Nobility | 1 | |
8 total

»
KINGOFKlRBLAR (
teal | 2745 APM | 6401 actions | 02:19)
1 Far Seer
1 Feral Spirit
» actions
| Assign group hotkey | 111 | |
| Basic commands | 361 | |
| Build / train | 67 | |
| ESC pressed | 2 | |
| Enter build submenu | 50 | |
| Enter hero's abilities submenu | 6 | |
| Give item / drop item | 2 | |
| Right click | 2223 | |
| Select / deselect | 704 | |
| Select group hotkey | 2594 | |
| Use ability | 281 | |
6401 total
» units
| Peon | 15 | |
| Spirit Walker | 13 | |
| Goblin Shredder | 2 | |
| Troll Witch Doctor | 1 | |
| Troll Batrider | 7 | |
| Wind Rider | 1 | |
39 total
» upgrades
| Spirit Walker Training | 1 | |
| Reinforced Defenses | 1 | |
| Witch Doctor Training | 1 | |
| Ranged Weapons | 3 | |
| Armor | 3 | |
| Liquid Fire | 1 | |
| Envenomed Spears | 1 | |
11 total
» buildings
| Orc Burrow | 8 | |
| War Mill | 1 | |
| Altar of Storms | 1 | |
| Stronghold | 3 | |
| Watch Tower | 21 | |
| Spirit Lodge | 3 | |
| Voodoo Lounge | 1 | |
| Fortress | 1 | |
| Great Hall | 3 | |
| Beastiary | 10 | |
52 total
» build order
00:44 Orc Burrow
00:55 War Mill
01:18 Altar of Storms
01:34 Orc Burrow
02:19 Great Hall
» items
| Boots of Speed | 1 | |
| Staff of Teleportation | 1 | |
| Scroll of Town Portal | 2 | |
4 total

»
NoSeeds.NoStems (
pink | 453 APM | 1055 actions | 02:19)
1 Death Knight
1 Death Coil
» actions
| Basic commands | 94 | |
| Build / train | 58 | |
| Enter build submenu | 28 | |
| Enter hero's abilities submenu | 7 | |
| Right click | 473 | |
| Select / deselect | 323 | |
| Use ability | 72 | |
1055 total
» units
| Acolyte | 12 | |
| Ghoul | 8 | |
| Frost Wyrm | 9 | |
| Goblin Zeppelin | 1 | |
| Meatwagon | 6 | |
36 total
» upgrades
| Creature Attack | 3 | |
| Creature Carapace | 2 | |
| Freezing Breath | 1 | |
| Unholy Strength | 1 | |
7 total
» buildings
| Graveyard | 1 | |
| Ziggurat | 9 | |
| Crypt | 1 | |
| Altar of Darkness | 2 | |
| Tomb of Relics | 1 | |
| Halls of the Dead | 1 | |
| Sacrificial Pit | 1 | |
| Black Citadel | 1 | |
| Boneyard | 6 | |
| Slaughterhouse | 5 | |
28 total
» build order
00:18 Graveyard
00:22 Ziggurat
00:43 Ziggurat
00:59 Crypt
01:26 Altar of Darkness
01:34 Slaughterhouse
02:19 Altar of Darkness
» items
| Rod of Necromancy | 1 | |
| Orb of Corruption | 2 | |
| Dust of Appearance | 1 | |
| Potion of Healing | 1 | |
5 total
Chat log
(00:09 / Allies) H-Cliff_SloCUMb: hey fake joobs wuts ur aka?
(00:10 / Allies) brucewillisusa: IDIET
(00:14 / All) H-Cliff_SloCUMb: hi fake joobs
(00:19 / Allies) H-Cliff_SloCUMb: ur a idiet
(00:22 / All) KINGOFKlRBLAR: Ugh.
(00:25 / All) KINGOFKlRBLAR: hacking trash
(00:31 / All) brucewillisusa: MANNER UP
(00:37 / All) KINGOFKlRBLAR: ugh.
(00:52 / All) KINGOFKlRBLAR: if you want idc
(01:27 / All) H-Cliff_SloCUMb: HEY RED ANY OF THEM TECHING?
(01:34 / All) brucewillisusa: brb
(01:47 / All) H-Cliff_SloCUMb: WTF HE SAID HEES GUNNA BRB IMP0OLITE B1TCH
(02:00 / All) H-Cliff_SloCUMb: BRB GETTING LADI
(02:03 / All) H-Cliff_SloCUMb: BBACK AROUND 6
(02:06 / All) brucewillisusa: idc if U KILL TOWRS
(02:08 / All) brucewillisusa: IM PACKIN A NOTHER ONE
(02:10 / All) hippochop: if we keep this up i can get another dragon
(02:19 / All) H-Cliff_SloCUMb: altho its never rly quick with me
(02:19 / All) brucewillisusa: I WIN